 Dungeon Crawl Stone Soup version 0.28-a0-1033-g1a2f33fa85 (webtiles) character file.

Game seed: 12326193034890940775

713 Jargonaut the Magician (level 7, -4/57 HPs)
             Began as a Naga Conjurer on Dec 7, 2021.
             Shot with an arrow by a centaur (13 damage)
             ... on level 5 of the Dungeon.
             The game lasted 00:25:24 (5519 turns).

Jargonaut the Magician (Naga Conjurer)              Turns: 5519, Time: 00:25:25

Health: -4/57      AC:  3    Str: 10    XL:     7   Next: 69%
Magic:  4/16       EV:  9    Int: 20    God:
Gold:   80         SH:  0    Dex:  9    Spells: 4/18 levels left

rFire   + . .      SeeInvis +   o - +1 hand axe (vamp)
rCold   . . .      Faith    .   (no shield)
rNeg    . . .      Spirit   .   a - +0 robe
rPois   +          Reflect  .   (no helmet)
rElec   .          Harm     .   (no cloak)
rCorr   .          Rampage  .   (no gloves)
Will    .....                   (no barding)
Stlth   +++.......              (no amulet)
HPRegen 0.19/turn               n - ring of protection from fire
MPRegen 0.15/turn               (no ring)

@: about to teleport, very slow
A: AC +2, large, see invisible, deformed body, poison resistance, slowness 2,
spit poison 1, naga tail 1
a: Spit Poison


You were on level 5 of the Dungeon.
You visited 1 branch of the dungeon, and saw 5 of its levels.
You also visited: Sewer.

You collected 161 gold pieces.
You spent 81 gold pieces at shops.

Inventory:

Hand Weapons
 b - a +0 club
 m - a +0 quarterstaff
 o - a +1 vampiric hand axe (weapon)
Missiles
 c - 22 stones
 h - 4 javelins
 l - 3 silver javelins
Armour
 a - a +0 robe (worn)
Jewellery
 n - a ring of protection from fire (left hand)
Scrolls
 d - a scroll of enchant armour
 j - a scroll of immolation
 k - a scroll of teleportation
Potions
 e - 4 potions of flight
 f - 2 potions of heal wounds
 g - a potion of might {unknown}
 i - a potion of curing
 p - a potion of lignification


   Skills:
 + Level 1.1 Fighting
 - Level 1.5 Dodging
 - Level 5.0 Stealth
 * Level 6.4 Spellcasting
 - Level 4.2 Conjurations
 - Level 3.0 Hexes


You had 4 spell levels left.
You knew the following spells:

 Your Spells              Type           Power      Damage    Failure   Level
a - Magic Dart            Conj           92%        1d7       1%          1
b - Searing Ray           Conj           46%        2d6       2%          2
c - Dazzling Flash        Conj/Hex       40%        N/A       7%          3
d - Fulminant Prism       Conj/Hex       10%        3d9       22%         4
e - Iskenderun's Mystic   Conj/Tloc      14%        2d5       38%         4

Your spell library contained the following spells:

 Spells                   Type           Power      Damage    Failure   Level
 Frozen Ramparts          Ice            12%        1d3       30%         3
 Ice Form                 Ice/Tmut       6%         N/A       69%         4
 Summon Ice Beast         Ice/Summ       6%         N/A       69%         4


Dungeon Overview and Level Annotations

Branches:
Dungeon (5/15)              Sewer (visited)
 Temple: D:4-7

Altars:
Qazlal
The Shining One

Shops:
D:3 =(*(*   D:5 *

Annotations:
D:3 2 transporters


Innate Abilities, Weirdness & Mutations

Your serpentine skin is tough. (AC +2)
You have supernaturally acute eyesight. (SInv)
Armour fits poorly on your strangely shaped body.
Your system is resistant to poisons. (rPois)
You cover ground very slowly.
You can spit poison.
You have a snake-like lower body.


Message History

Okay, then.
Unknown command.
Unknown command.
A centaur comes into view.
Casting: Magic Dart (safe; 1% risk of failure)
Confirm with . or Enter, or press ? or * to list all spells.
Aiming: Searing Ray (safe; 2% risk of failure)
Press: ? - help, Shift-Dir - straight line, f - ogre
Aim: an ogre, wielding a +0 giant club (moderately wounded, 89% to hit)
The searing ray hits the ogre!
The ogre is heavily wounded. (Press . to maintain the ray.)
The centaur shouts!
An adder comes into view.
The centaur wields a +0 shortbow.
The centaur shoots an arrow.
The arrow barely misses you.
The ogre hits you with a +0 giant club!!
Unknown command.
The searing ray hits the ogre.
The ogre is severely wounded.
An iguana comes into view.
The ogre barely misses you.
The searing ray hits the ogre.
The ogre is almost dead.
The centaur shoots an arrow.
The arrow completely misses you.
The centaur shoots an arrow.
The arrow hits you!
The searing ray hits the ogre!
You kill the ogre!
You finish channelling your searing ray.
The centaur shoots an arrow.
The arrow hits you!
* * * LOW HITPOINT WARNING * * *
A centaur zombie comes into view.
The adder closely misses you.
Your Fighting skill increases to level 1!
As you read the scroll labelled FIOWKAAPEDGH, it crumbles to dust.
You feel strangely unstable.
It was a scroll of teleportation.
The adder bites you.
* * * LOW HITPOINT WARNING * * *
The centaur shoots an arrow.
The arrow hits you!
You die...

..........#...
.............
........clZ
........# .......#
.######$.....#
(..)....S....#
.).....o@...##
.......).....#
.$...#....†###
........#.<..#
....#####.#..#####
... #.+......# ..
###......+
#.......#
##.##.####


You could see a centaur, an iguana, an adder, an orc and a centaur zombie.

Vanquished Creatures
  Eustachio (D:3)
  An ogre (D:5)
  A kobold brigand (Sewer)
  A water moccasin skeleton (D:4)
  A howler monkey (D:4)
  A hound (D:4)
  A bullfrog zombie (D:3)
  2 orc priests
  An iguana (D:5)
  2 hound skeletons (D:4)
  4 adders
  A river rat (Sewer)
  2 worms (D:2)
  2 dart slugs (D:1)
  7 orcs
  5 ball pythons
  7 endoplasms
  6 giant cockroaches
  6 goblins
  8 hobgoblins
  15 jackals
  7 quokkas
  A bat (D:1)
  A frilled lizard (D:3)
  11 kobolds
  11 rats
106 creatures vanquished.

Vanquished Creatures (others)
  2 fulminant prisms
2 creatures vanquished.

Grand Total: 108 creatures vanquished

Notes
Turn   | Place    | Note
-------+----------+-------------------------------------------
     0 | D:1      | Jargonaut the Naga Conjurer began the quest for the Orb.
     0 | D:1      | Reached XP level 1. HP: 15/15 MP: 3/3
   289 | D:1      | Reached XP level 2. HP: 22/22 MP: 1/5
   334 | D:1      | Learned a level 2 spell: Searing Ray
  1245 | D:1      | Reached XP level 3. HP: 28/28 MP: 5/7
  1285 | D:1      | Reached skill level 3 in Spellcasting
  1555 | D:2      | Found a glowing golden altar of the Shining One.
  1658 | D:2      | Learned a level 3 spell: Dazzling Flash
  1964 | D:2      | Reached XP level 4. HP: 20/36 MP: 0/9
  2380 | D:2      | Learned a level 4 spell: Fulminant Prism
  2693 | D:2      | Reached skill level 1 in Hexes
  2743 | D:3      | Reached XP level 5. HP: 27/42 MP: 1/10
  2863 | D:3      | Found Moaggary's Jewellery Emporium.
  2905 | D:3      | Found a transporter.
  2918 | D:3      | Found Ibelug's Weapon Boutique.
  2972 | D:3      | Found a glowing drain.
  3011 | Sewer    | Entered a sewer
  3024 | Sewer    | Reached skill level 4 in Spellcasting
  3285 | Sewer    | Noticed a kobold brigand
  3391 | Sewer    | Killed a kobold brigand
  3392 | Sewer    | Reached skill level 5 in Stealth
  3392 | Sewer    | Reached XP level 6. HP: 49/49 MP: 3/12
  3529 | Sewer    | Found a glowing silver altar of Zin.
  3612 | D:3      | Found Zixeumubi's Assorted Antiques.
  3640 | D:3      | Bought a scroll labelled EDWUNG TIACH for 27 gold pieces
  3640 | D:3      | Bought 2 scrolls labelled FIOWKAAPEDGH for 54 gold pieces
  3812 | D:3      | Found a transporter.
  3820 | D:3      | Found Vamong's General Store.
  3894 | D:3      | Learned a level 4 spell: Iskenderun's Mystic Blast
  4018 | D:3      | Found Heussaf's Weapon Shoppe.
  4506 | D:3      | Found a faded altar of an unknown god.
  4574 | D:4      | Noticed Eustachio
  4652 | D:3      | Killed Eustachio
  4653 | D:3      | Reached skill level 5 in Spellcasting
  4653 | D:3      | Reached XP level 7. HP: 45/55 MP: 6/15
  5033 | D:4      | Found a stormy altar of Qazlal.
  5193 | D:4      | Reached skill level 6 in Spellcasting
  5417 | D:5      | Entered Level 5 of the Dungeon
  5484 | D:5      | Found Niniohen's Gadget Gallery.
  5519 | D:5      | Reached skill level 1 in Fighting
  5519 | D:5      | Shot with an arrow by a centaur

Illustrated notes

Levels and vault maps discovered:
D:1:      scummos_arrival_forest, layout_loops_ring
D:2:      layout_rooms, basic_altar
D:3:      gammafunk_wand_slinger, layout_loops_ring, gup_sewer_entry_pipe,
          serial_shops, nicolae_shop_statue_plus, nicolae_square_shop, shop,
          nicolae_shop_bloodbath_and_beyond, shop,
          shapermc_ecumenical_altar_petra
D:4:      layout_cave_pools, overflow_temple_1_default, uniq_eustachio
D:5:      layout_basic, minmay_temple_entry_fiery, serial_shops,
          nicolae_lakefront_shop, nicolae_shop_gadgets

Skill      XL: |  1  2  3  4  5  6  7 |
---------------+----------------------+-----
Spellcasting   | 3 4 5 6 |  6.4
Stealth        | 4 5 |  5.0
Hexes          | 1 2 3 |  3.0
Fighting       | 1 |  1.1
Dodging        | |  1.5
Conjurations   | |  4.2

Action                   |  1- 3 |  4- 6 |  7- 9 || total
-------------------------+-------+-------+-------++-------
Melee: Club              |    43 |    38 |       ||    81
       Quarterstaff      |       |     4 |       ||     4
       Hand axe          |       |       |     2 ||     2
 Cast: Magic Dart        |    90 |   133 |    33 ||   256
       Searing Ray       |       |     7 |     3 ||    10
       Fulminant Prism   |       |     1 |     1 ||     2
  Use: Potion            |     2 |     2 |       ||     4
       Scroll            |       |       |     4 ||     4
Armor: Robe              |    15 |    13 |     2 ||    30
Dodge: Dodged            |    23 |    56 |     6 ||    85

Table legend: (Time is in decaauts)
 A = Elapsed time spent in this place.
 B = Non-inter-level travel time spent in this place.
 C = Inter-level travel time spent in this place.
 D = Time resting spent in this place.
 E = Time spent auto-exploring this place.
 F = Levels seen in this place.
 G = Mean time per level.
                   A        B        C        D        E       F      G
               +--------+--------+--------+--------+--------+-----+--------+
         Total |   6550 |   6366 |    184 |   2494 |   2589 |   6 | 1091.7 |
       Dungeon |   5861 |   5677 |    184 |   2137 |   2497 |   5 | 1172.2 |
         Sewer |    688 |    688 |      0 |    357 |     92 |   1 |  688.0 |
               +--------+--------+--------+--------+--------+-----+--------+

Top non-repeatable levels by time:
     D:3: 1663 daAuts
     D:1: 1621 daAuts
     D:2: 1619 daAuts
     D:4: 845 daAuts
   Sewer: 688 daAuts
     D:5: 111 daAuts
